Maple Leafs vs Red Wings (R1)

Created - January 14, 2020 at 19:28

Goals
1 2 3 T
Maple Leafs 0 1 0 1
Red Wings 0 2 3 5
Shots
1 2 3 T
Maple Leafs 9 7 16 32
Red Wings 10 12 13 35

1st period

No Goal

Penalties :
Beau Bennett (Tor) for Hooking (Minor) at 4:14, Mark Scheifele (Tor) for Holding (Minor) at 13:06, Connor Brown (Det) for Roughing (Minor) at 19:47

2nd period

1. Red Wings , Nick Bjugstad 5 (Tomas Kopecky 10, Alex Picard 4) at 4:13
2. Red Wings , Tomas Kopecky 9 (Alex Picard 5, Adam Henrique 26) at 6:13
3. Maple Leafs , Taylor Chorney 2 (Brayden Schenn 13, Braydon Coburn 7) at 12:24

Penalties :
Braydon Coburn (Tor) for Hooking (Minor) at 9:47, Brayden Schenn (Tor) for Hooking (Minor) at 10:09, Connor Brown (Det) for Hooking (Minor) at 13:26

3rd period

4. Red Wings , Adam Henrique 17 (Mike Richards 30, Connor Brown 14) at 2:05 (PP)
5. Red Wings , Connor Brown 17 (Philip Samuelsson 11, Adam Henrique 27) at 8:22
6. Red Wings , Petr Pohl 2 (David Krejci 7, Philip Samuelsson 12) at 12:44

Penalties :
Eric Nystrom (Tor) for Interference (Minor) at 0:56, Patrick Kane (Tor) for Roughing (Minor) at 4:24, Braydon Coburn (Tor) for Holding (Minor) at 14:28, Taylor Hall (Tor) for Hooking (Minor) at 18:24

Goalie Stats

Marc-André Fleury (Tor), 30 saves from 35 shots - (0.857), L, 13-10-7, 60:00 minutes
James Reimer (Det), 31 saves from 32 shots - (0.969), W, 11-11-3, 60:00 minutes

Players Stats for Maple Leafs

Player Name              G  A  P  +/- PIM S  H  SB GA TA FO     MP     PP MP  PK MP  
------------------------------------------------------------------------------------
Alex Killorn             0  0  0  -1  0   0  1  1  0  0  0/0     4:57   0:00   0:00 
Beau Bennett             0  0  0  -2  2   2  1  0  0  0  0/0     9:06   0:00   0:00 
Ben Smith                0  0  0  -1  0   4  5  0  0  1  2/2    21:10   1:46   7:30 
Blake Comeau             0  0  0  -1  0   0  0  0  0  0  0/0     4:57   0:00   0:00 
Brayden Schenn           0  1  1   0  2   1  2  1  0  1  14/31  20:12   1:46   6:16 
Braydon Coburn           0  1  1   1  4   0  0  0  2  3  0/0    24:51   0:00   5:01 
Calvin de Haan           0  0  0  -2  0   2  1  0  0  0  0/0    13:08   2:28   0:57 
Eric Nystrom             0  0  0   0  2   3  2  1  0  0  1/1    15:56   1:46   1:40 
Fabian Brunnstrom        0  0  0  -2  0   3  1  0  1  0  0/0    12:30   2:12   0:08 
John Klingberg           0  0  0  -2  0   2  0  0  0  1  0/0    11:55   1:30   0:00 
Jordan Staal             0  0  0   1  0   0  1  1  1  0  12/24  21:39   2:12   3:59 
Kevin Shattenkirk        0  0  0   0  0   4  1  1  0  1  0/0    28:25   2:28   5:01 
Mark Scheifele           0  0  0  -2  2   0  1  0  0  0  1/4    12:44   0:00   1:48 
Nate Thompson            0  0  0  -1  0   0  1  0  0  0  0/3     4:57   0:00   0:00 
Patrick Kane             0  0  0   0  2   6  2  2  0  0  1/3    21:42   2:12   3:01 
Ryan Parent              0  0  0  -2  0   2  2  4  1  0  0/0    22:16   1:30   7:03 
Taylor Chorney           1  0  1  -1  0   2  0  1  0  0  0/0    19:42   0:00   8:02 
Taylor Hall              0  0  0   0  2   1  0  0  0  0  0/0    15:07   0:00   0:00 

Players Stats for Red Wings

Player Name              G  A  P  +/- PIM S  H  SB GA TA FO     MP     PP MP  PK MP  
------------------------------------------------------------------------------------
Adam Henrique            1  2  3   1  0   2  1  0  1  0  0/1    20:44   6:03   0:00 
Alex Picard              0  2  2   1  0   3  1  1  0  0  0/0    21:00   6:33   0:01 
Anton Volchenkov         0  0  0   1  0   0  0  0  0  0  0/0    13:34   0:00   1:33 
Carson Mcmillan          0  0  0   0  0   0  1  0  0  0  0/0     7:08   0:00   1:59 
Chris Kelly              0  0  0   1  0   0  0  0  0  1  1/2     9:15   0:00   1:59 
Connor Brown             1  1  2   1  4   2  1  0  0  0  2/3    20:49   6:03   0:00 
David Krejci             0  1  1   1  0   1  0  1  1  0  3/3     9:20   0:28   0:00 
Jiri Fischer             0  0  0   1  0   2  2  2  0  1  0/0    20:48   5:15   2:25 
Karl Alzner              0  0  0   1  0   6  1  1  0  0  0/0    21:37   5:15   0:00 
Maxim Lapierre           0  0  0   0  0   0  1  0  1  0  3/4     7:01   0:00   1:59 
Michael Haley            0  0  0   0  0   2  1  2  0  0  1/3     9:01   0:25   1:58 
Mike Richards            0  1  1   1  0   3  1  0  0  1  16/27  20:41   6:00   0:00 
Nick Bjugstad            1  0  1   1  0   6  1  0  2  0  9/23   20:52   6:33   0:00 
Ole-Kristian Tollefsen   0  0  0   0  0   0  1  3  1  0  0/0    23:31   7:46   1:33 
Petr Pohl                1  0  1   1  0   2  0  0  0  1  0/0     9:17   0:25   0:00 
Philip Samuelsson        0  2  2   1  0   1  1  2  0  0  0/0    22:50   7:17   0:00 
Ryan O'Byrne             0  0  0   2  0   0  0  1  1  1  0/0    17:40   0:29   2:25 
Tomas Kopecky            1  1  2   1  0   5  3  0  0  0  2/2    20:52   6:33   0:00 

3 Stars

1 - Adam Henrique (Det)
2 - James Reimer (Det)
3 - Tomas Kopecky (Det)

Power Play

Maple Leafs - 0 on 2 Attempt(s) - 0.00%
Red Wings - 1 on 8 Attempt(s) - 12.50%

Penalty Kill

Maple Leafs - 7 on 8 Attempt(s) - 87.50% - Score 0 goal in Penalty Kill
Red Wings - 2 on 2 Attempt(s) - 100.00% - Score 0 goal in Penalty Kill

Team Stat

Maple Leafs - Hits : 21 - Faceoff Wins : 31 - Blocked Shots : 12 - Penalty Minutes : 16
Red Wings - Hits : 16 - Faceoff Wins : 37 - Blocked Shots : 13 - Penalty Minutes : 4

Official

Referees : Unknown
Linesman : Unknown

Game Notes

No Game Note

Finance

Level 1 -- Attendance: 6000 (100.00%) -- Ticket Income $642,000
Level 2 -- Attendance: 4022 (80.44%) -- Ticket Income $285,562
Level 3 -- Attendance: 1520 (76.00%) -- Ticket Income $72,960
Level 4 -- Attendance: 3197 (79.93%) -- Ticket Income $105,501
Luxury Box -- Attendance: 813 (81.30%) -- Ticket Income $154,470
Game was played at the Joe Louis Arena.
Total Attendance: 15552 (86.40%)
Total Ticket Income: $1,260,493
Other Income: $189,074
Total Income: $1,449,567

Maple Leafs

5 vs 5 Forward 
   Center                   Left Wing                Right Wing               Time % Phy DF OF 
 1 Jordan Staal             Taylor Hall              Patrick Kane             40     1   1  3  
 2 Brayden Schenn           Eric Nystrom             Ben Smith                30     1   2  2  
 3 Mark Scheifele           Fabian Brunnstrom        Beau Bennett             20     1   2  2  
 4 Nate Thompson            Alex Killorn             Blake Comeau             10     1   3  1  

5 vs 5 Defense 
   Defense                  Defense                                           Time % Phy DF OF 
 1 Kevin Shattenkirk        Braydon Coburn                                    40     1   1  3  
 2 Ryan Parent              Taylor Chorney                                    30     1   3  1  
 3 John Klingberg           Calvin de Haan                                    20     1   2  2  
 4 Kevin Shattenkirk        Braydon Coburn                                    10     1   1  3  

PowerPlay Forward 
   Center                   Left Wing                Right Wing               Time % Phy DF OF 
 1 Jordan Staal             Fabian Brunnstrom        Patrick Kane             60     0   1  4  
 2 Brayden Schenn           Eric Nystrom             Ben Smith                40     0   1  4  

PowerPlay Defense
   Defense                  Defense                                           Time % Phy DF OF 
 1 Kevin Shattenkirk        Calvin de Haan                                    60     0   1  4  
 2 John Klingberg           Ryan Parent                                       40     0   1  4  

Penalty Kill 4 Players Forward 
   Center                   Wing                     Time % Phy DF OF 
 1 Brayden Schenn           Ben Smith                60     1   3  1  
 2 Jordan Staal             Patrick Kane             40     1   3  1  

Penalty Kill 4 Players Defense
   Defense                  Defense                  Time % Phy DF OF 
 1 Braydon Coburn           Taylor Chorney           60     1   3  1  
 2 Ryan Parent              Kevin Shattenkirk        40     1   3  1  

Penalty Kill - 3 Players Forward 
   Forward                                           Time % Phy DF OF 
 1 Brayden Schenn                                    60     1   4  0  
 2 Jordan Staal                                      40     1   4  0  

Penalty Kill - 3 Players Defense
   Defense                  Defense                  Time % Phy DF OF 
 1 Braydon Coburn           Taylor Chorney           60     1   4  0  
 2 Ryan Parent              Kevin Shattenkirk        40     1   4  0  

4 vs 4 Forward 
   Center                   Wing                     Time % Phy DF OF 
 1 Jordan Staal             Patrick Kane             60     1   2  2  
 2 Brayden Schenn           Ben Smith                40     1   2  2  

4 vs 4 Defense
   Defense                  Defense                  Time % Phy DF OF 
 1 Kevin Shattenkirk        Braydon Coburn           60     1   2  2  
 2 Ryan Parent              Taylor Chorney           40     1   2  2  

Last Minutes Offensive
   Center                   Left Wing                Right Wing               Defense                  Defense                  
   Jordan Staal             Taylor Hall              Patrick Kane             Kevin Shattenkirk        John Klingberg           

Last Minutes Defensive
   Center                   Left Wing                Right Wing               Defense                  Defense                  
   Jordan Staal             Eric Nystrom             Patrick Kane             Braydon Coburn           Taylor Chorney           

Goaltenders
Starting : Marc-André Fleury        
Backup : Tyler Weiman             

Extra Forwards
Normal : Jordan Staal, Beau Bennett, Patrick Kane - PP : Brayden Schenn, Ben Smith - PK : Ben Smith
Extra Defensemen
Normal : Taylor Chorney, Calvin de Haan, Kevin Shattenkirk - PP : John Klingberg - PK : Ryan Parent, Kevin Shattenkirk
Penalty Shots
Patrick Kane, Beau Bennett, Taylor Hall, Jordan Staal, Fabian Brunnstrom

Scratches
Marc-Édouard Vlasic (Left Hip Injury)

Red Wings

5 vs 5 Forward 
   Center                   Left Wing                Right Wing               Time % Phy DF OF 
 1 Mike Richards            Adam Henrique            Connor Brown             38     0   2  3  
 2 Nick Bjugstad            Alex Picard              Tomas Kopecky            37     0   2  3  
 3 David Krejci             Chris Kelly              Petr Pohl                15     0   3  2  
 4 Maxim Lapierre           Michael Haley            Carson Mcmillan          10     1   2  2  

5 vs 5 Defense 
   Defense                  Defense                                           Time % Phy DF OF 
 1 Ryan O'Byrne             Philip Samuelsson                                 35     0   3  2  
 2 Ole-Kristian Tollefsen   Karl Alzner                                       35     0   3  2  
 3 Jiri Fischer             Anton Volchenkov                                  20     0   3  2  
 4 Jiri Fischer             Anton Volchenkov                                  10     0   3  2  

PowerPlay Forward 
   Center                   Left Wing                Right Wing               Time % Phy DF OF 
 1 Mike Richards            Adam Henrique            Connor Brown             55     0   1  4  
 2 Nick Bjugstad            Alex Picard              Tomas Kopecky            45     0   1  4  

PowerPlay Defense
   Defense                  Defense                                           Time % Phy DF OF 
 1 Philip Samuelsson        Ole-Kristian Tollefsen                            60     0   2  3  
 2 Jiri Fischer             Karl Alzner                                       40     0   2  3  

Penalty Kill 4 Players Forward 
   Center                   Wing                     Time % Phy DF OF 
 1 Michael Haley            Carson Mcmillan          50     1   2  2  
 2 Chris Kelly              Maxim Lapierre           50     1   2  2  

Penalty Kill 4 Players Defense
   Defense                  Defense                  Time % Phy DF OF 
 1 Ryan O'Byrne             Jiri Fischer             50     1   2  2  
 2 Ole-Kristian Tollefsen   Anton Volchenkov         50     1   2  2  

Penalty Kill - 3 Players Forward 
   Forward                                           Time % Phy DF OF 
 1 Carson Mcmillan                                   60     1   2  2  
 2 Michael Haley                                     40     1   2  2  

Penalty Kill - 3 Players Defense
   Defense                  Defense                  Time % Phy DF OF 
 1 Ryan O'Byrne             Jiri Fischer             50     1   2  2  
 2 Philip Samuelsson        Anton Volchenkov         50     1   2  2  

4 vs 4 Forward 
   Center                   Wing                     Time % Phy DF OF 
 1 Mike Richards            Adam Henrique            60     1   2  2  
 2 Nick Bjugstad            Connor Brown             40     1   2  2  

4 vs 4 Defense
   Defense                  Defense                  Time % Phy DF OF 
 1 Ryan O'Byrne             Karl Alzner              60     1   2  2  
 2 Ole-Kristian Tollefsen   Philip Samuelsson        40     1   2  2  

Last Minutes Offensive
   Center                   Left Wing                Right Wing               Defense                  Defense                  
   Mike Richards            Adam Henrique            Connor Brown             Ole-Kristian Tollefsen   Philip Samuelsson        

Last Minutes Defensive
   Center                   Left Wing                Right Wing               Defense                  Defense                  
   Chris Kelly              Michael Haley            Carson Mcmillan          Anton Volchenkov         Ryan O'Byrne             

Goaltenders
Starting : James Reimer             
Backup : Josh Harding             

Extra Forwards
Normal : Adam Henrique, Connor Brown, David Krejci - PP : David Krejci, Alex Picard - PK : Alex Picard
Extra Defensemen
Normal : Philip Samuelsson, Ole-Kristian Tollefsen, Karl Alzner - PP : Ryan O'Byrne - PK : Ole-Kristian Tollefsen, Karl Alzner
Penalty Shots
Mike Richards, Carson Mcmillan, Maxim Lapierre, Nick Bjugstad, Alex Picard

Scratches
Andrew Alberts (Healthy), Peter Worrell (Healthy), Riley Armstrong (Healthy)

% Time on Ice - Maple Leafs

Lines # - Real PCT - Wanted PCT - Time Play
Normal Forward
1 - 41% - 40% - 17:37
2 - 27% - 30% - 11:39
3 - 20% - 20% - 8:48
4 - 12% - 10% - 4:57
Normal Defense
1 - 43% - 40% - 18:37
2 - 32% - 30% - 13:43
3 - 22% - 20% - 9:26
4 - 3% - 10% - 1:15
PP Forward
1 - 55% - 60% - 2:12
2 - 45% - 40% - 1:46
PP Defense
1 - 62% - 60% - 2:28
2 - 38% - 40% - 1:30
PK Forward
1 - 66% - 60% - 7:31
2 - 34% - 40% - 3:53
PK Defense
1 - 65% - 60% - 7:22
2 - 35% - 40% - 4:02
PK3 Forward
1 - 100% - 60% - 1:37
2 - 0% - 40% - 0:00
PK3 Defense
1 - 100% - 60% - 1:37
2 - 0% - 40% - 0:00
44 Forward
1 - 0% - 60%
2 - 0% - 40%
44 Defense
1 - 0% - 60%
2 - 0% - 40%
Last Minute Offensive  - 0:00
Last Minute Defensive  - 0:00
Total
Forward - 60:00
Defense - 60:00

% Time on Ice - Red Wings

Lines # - Real PCT - Wanted PCT - Time Play
Normal Forward
1 - 38% - 38% - 16:24
2 - 33% - 37% - 14:19
3 - 17% - 15% - 7:16
4 - 12% - 10% - 5:02
Normal Defense
1 - 39% - 35% - 16:50
2 - 37% - 35% - 16:07
3 - 18% - 20% - 7:45
4 - 5% - 10% - 2:19
PP Forward
1 - 50% - 55% - 6:28
2 - 50% - 45% - 6:33
PP Defense
1 - 60% - 60% - 7:46
2 - 40% - 40% - 5:15
PK Forward
1 - 50% - 50% - 1:59
2 - 50% - 50% - 1:59
PK Defense
1 - 61% - 50% - 2:25
2 - 39% - 50% - 1:33
PK3 Forward
1 - 0% - 60%
2 - 0% - 40%
PK3 Defense
1 - 0% - 50%
2 - 0% - 50%
44 Forward
1 - 0% - 60%
2 - 0% - 40%
44 Defense
1 - 0% - 60%
2 - 0% - 40%
Last Minute Offensive  - 0:00
Last Minute Defensive  - 0:00
Total
Forward - 60:00
Defense - 60:00

Play-by-Play

1st period


0:01 of 1st period - Mike Richards wins face-off versus Jordan Staal in neutral zone.
0:54 of 1st period - Wrist shot by Fabian Brunnstrom.
0:54 of 1st period - Shot Blocked by Ole-Kristian Tollefsen.
0:56 of 1st period - Snap shot by Beau Bennett.
0:56 of 1st period - Stopped by James Reimer without a rebound.
0:57 of 1st period - Maxim Lapierre wins face-off versus Nate Thompson in Red Wings zone.
1:02 of 1st period - Slapshot by Alex Killorn.
1:02 of 1st period - Shot Blocked by Michael Haley.
1:04 of 1st period - Slapshot by Taylor Chorney.
1:04 of 1st period - Deflect By Alex Killorn.
1:04 of 1st period - Shot Misses the Net.
1:04 of 1st period - Puck is out of play.
1:05 of 1st period - Maxim Lapierre wins face-off versus Nate Thompson in Red Wings zone.
1:40 of 1st period - Snap shot by Patrick Kane.
1:40 of 1st period - Shot Misses the Net.
1:42 of 1st period - Snap shot by Jordan Staal.
1:42 of 1st period - Shot Misses the Net.
1:56 of 1st period - Brayden Schenn is hit by Connor Brown and loses puck.
2:24 of 1st period - Slapshot by Fabian Brunnstrom.
2:24 of 1st period - Stopped by James Reimer with a rebound.
2:26 of 1st period - Slapshot by Calvin de Haan.
2:26 of 1st period - Shot Blocked by Jiri Fischer.
2:56 of 1st period - Tomas Kopecky is hit by Alex Killorn and loses puck.
3:05 of 1st period - Snap shot by Nick Bjugstad.
3:05 of 1st period - Stopped by Marc-André Fleury without a rebound.
3:06 of 1st period - Brayden Schenn wins face-off versus Maxim Lapierre in Maple Leafs zone.
3:34 of 1st period - Backhand shot by Patrick Kane.
3:34 of 1st period - Stopped by James Reimer with a rebound.
4:14 of 1st period - Minor Penalty to Beau Bennett for Hooking.
4:15 of 1st period - Mike Richards wins face-off versus Brayden Schenn in Maple Leafs zone.
6:14 of 1st period - Penalty to Beau Bennett is over, Beau Bennett is back on ice.
6:52 of 1st period - Philip Samuelsson is hit by Patrick Kane and loses puck.
7:58 of 1st period - Philip Samuelsson is hit by Patrick Kane and loses puck.
8:05 of 1st period - Snap shot by Patrick Kane.
8:05 of 1st period - Shot Blocked by Philip Samuelsson.
8:07 of 1st period - Slapshot by Taylor Chorney.
8:07 of 1st period - Stopped by James Reimer with a rebound.
8:09 of 1st period - Slapshot by Ryan Parent.
8:09 of 1st period - Stopped by James Reimer without a rebound.
8:10 of 1st period - Brayden Schenn wins face-off versus Nick Bjugstad in Red Wings zone.
8:15 of 1st period - Slapshot by Brayden Schenn.
8:15 of 1st period - Deflect By Eric Nystrom.
8:15 of 1st period - Shot Misses the Net.
8:15 of 1st period - Puck is out of play.
8:16 of 1st period - Nick Bjugstad wins face-off versus Brayden Schenn in Red Wings zone.
8:16 of 1st period - Nick Bjugstad is hit by Eric Nystrom.
8:26 of 1st period - Jiri Fischer is hit by Ben Smith and loses puck.
8:45 of 1st period - Snap shot by Adam Henrique.
8:45 of 1st period - Shot Misses the Net.
9:28 of 1st period - Snap shot by Michael Haley.
9:28 of 1st period - Stopped by Marc-André Fleury without a rebound.
9:29 of 1st period - Jordan Staal wins face-off versus Nick Bjugstad in Maple Leafs zone.
9:34 of 1st period - Slapshot by Nick Bjugstad.
9:34 of 1st period - Shot Misses the Net.
9:36 of 1st period - Snap shot by Alex Picard.
9:36 of 1st period - Shot Blocked by Patrick Kane.
9:38 of 1st period - Slapshot by Karl Alzner.
9:38 of 1st period - Stopped by Marc-André Fleury without a rebound.
9:39 of 1st period - Jordan Staal wins face-off versus Nick Bjugstad in Maple Leafs zone.
9:39 of 1st period - Jordan Staal is hit by Karl Alzner.
9:45 of 1st period - Ole-Kristian Tollefsen is hit by Jordan Staal and loses puck.
10:02 of 1st period - Wrist shot by Patrick Kane.
10:02 of 1st period - Stopped by James Reimer without a rebound.
10:03 of 1st period - Brayden Schenn wins face-off versus Adam Henrique in Red Wings zone.
11:08 of 1st period - Snap shot by Alex Picard.
11:08 of 1st period - Stopped by Marc-André Fleury without a rebound.
11:09 of 1st period - Eric Nystrom wins face-off versus Mike Richards in Maple Leafs zone.
11:36 of 1st period - Slapshot by Fabian Brunnstrom.
11:36 of 1st period - Stopped by James Reimer with a rebound.
11:50 of 1st period - Ole-Kristian Tollefsen is hit by Fabian Brunnstrom and loses puck.
12:03 of 1st period - Slapshot by Fabian Brunnstrom.
12:03 of 1st period - Shot Blocked by Michael Haley.
12:10 of 1st period - Off-side.
12:11 of 1st period - Connor Brown wins face-off versus Jordan Staal in neutral zone.
12:38 of 1st period - Braydon Coburn is hit by Alex Picard and loses puck.
13:06 of 1st period - Minor Penalty to Mark Scheifele for Holding.
13:07 of 1st period - Brayden Schenn wins face-off versus Mike Richards in Maple Leafs zone.
13:24 of 1st period - Wrist shot by Mike Richards.
13:24 of 1st period - Stopped by Marc-André Fleury without a rebound.
13:25 of 1st period - Brayden Schenn wins face-off versus Nick Bjugstad in Maple Leafs zone.
13:25 of 1st period - Brayden Schenn is hit by Nick Bjugstad.
13:35 of 1st period - Snap shot by Nick Bjugstad.
13:35 of 1st period - Stopped by Marc-André Fleury with a rebound.
13:37 of 1st period - Snap shot by Philip Samuelsson.
13:37 of 1st period - Stopped by Marc-André Fleury with a rebound.
13:39 of 1st period - Snap shot by Tomas Kopecky.
13:39 of 1st period - Stopped by Marc-André Fleury with a rebound.
14:22 of 1st period - Icing by Connor Brown.
14:23 of 1st period - Nick Bjugstad wins face-off versus Brayden Schenn in Red Wings zone.
15:06 of 1st period - Penalty to Mark Scheifele is over, Mark Scheifele is back on ice.
15:18 of 1st period - Icing by Ben Smith.
15:19 of 1st period - Maxim Lapierre wins face-off versus Brayden Schenn in Maple Leafs zone.
15:20 of 1st period - Wrist shot by Michael Haley.
15:20 of 1st period - Stopped by Marc-André Fleury without a rebound.
15:21 of 1st period - Tomas Kopecky wins face-off versus Jordan Staal in Maple Leafs zone.
15:53 of 1st period - Off-side.
15:54 of 1st period - Mike Richards wins face-off versus Brayden Schenn in neutral zone.
15:54 of 1st period - Mike Richards is hit by Ryan Parent.
16:54 of 1st period - Snap shot by Fabian Brunnstrom.
16:54 of 1st period - Stopped by James Reimer without a rebound.
16:55 of 1st period - Mike Richards wins face-off versus Brayden Schenn in Red Wings zone.
16:57 of 1st period - Icing by Adam Henrique.
16:58 of 1st period - Mike Richards wins face-off versus Brayden Schenn in Red Wings zone.
17:55 of 1st period - Snap shot by Maxim Lapierre.
17:55 of 1st period - Shot Misses the Net.
17:57 of 1st period - Slapshot by Karl Alzner.
17:57 of 1st period - Stopped by Marc-André Fleury with a rebound.
17:59 of 1st period - Snap shot by Ole-Kristian Tollefsen.
17:59 of 1st period - Deflect By Carson Mcmillan.
17:59 of 1st period - Shot Misses the Net.
17:59 of 1st period - Puck is out of play.
18:00 of 1st period - Brayden Schenn wins face-off versus Mike Richards in Maple Leafs zone.
18:15 of 1st period - Snap shot by Connor Brown.
18:15 of 1st period - Shot Blocked by Ryan Parent.
18:17 of 1st period - Slapshot by Connor Brown.
18:17 of 1st period - Shot Misses the Net.
18:32 of 1st period - Taylor Chorney is hit by Tomas Kopecky and loses puck.
19:30 of 1st period - Adam Henrique is hit by Eric Nystrom and loses puck.
19:47 of 1st period - Minor Penalty to Connor Brown for Roughing.
19:48 of 1st period - Jordan Staal wins face-off versus Michael Haley in Red Wings zone.
19:51 of 1st period - Snap shot by Kevin Shattenkirk.
19:51 of 1st period - Stopped by James Reimer without a rebound.
19:52 of 1st period - Michael Haley wins face-off versus Jordan Staal in Red Wings zone.
Goals for this period are 0 for Maple Leafs vs 0 for Red Wings.
Shots for this period are 9 for Maple Leafs vs 10 for Red Wings.

2nd period


0:01 of 2nd period - Chris Kelly wins face-off versus Jordan Staal in neutral zone.
0:12 of 2nd period - Snap shot by Kevin Shattenkirk.
0:12 of 2nd period - Shot Blocked by Ryan O'Byrne.
0:14 of 2nd period - Snap shot by Fabian Brunnstrom.
0:14 of 2nd period - Shot Misses the Net.
0:16 of 2nd period - Wrist shot by Kevin Shattenkirk.
0:16 of 2nd period - Stopped by James Reimer with a rebound.
1:47 of 2nd period - Penalty to Connor Brown is over, Connor Brown is back on ice.
2:04 of 2nd period - Connor Brown is hit by Nate Thompson.
2:59 of 2nd period - Jordan Staal is hit by Jiri Fischer and loses puck.
3:04 of 2nd period - Snap shot by David Krejci.
3:04 of 2nd period - Stopped by Marc-André Fleury with a rebound.
3:14 of 2nd period - Patrick Kane is hit by Michael Haley and loses puck.
3:57 of 2nd period - Backhand shot by Nick Bjugstad.
3:57 of 2nd period - Deflect By Alex Picard.
3:57 of 2nd period - Shot Blocked by Alex Killorn.
3:57 of 2nd period - Puck is out of play.
3:58 of 2nd period - Nick Bjugstad wins face-off versus Brayden Schenn in Maple Leafs zone.
4:03 of 2nd period - Snap shot by Alex Picard.
4:03 of 2nd period - Stopped by Marc-André Fleury with a rebound.
4:05 of 2nd period - Backhand shot by Alex Picard.
4:05 of 2nd period - Shot Misses the Net.
4:13 of 2nd period - Wrist shot by Nick Bjugstad.
4:13 of 2nd period - Goal by Nick Bjugstad - Maple Leafs : 0 - Red Wings : 1.
4:14 of 2nd period - Mike Richards wins face-off versus Jordan Staal in neutral zone.
4:22 of 2nd period - Backhand shot by John Klingberg.
4:22 of 2nd period - Shot Blocked by Ole-Kristian Tollefsen.
4:24 of 2nd period - Backhand shot by Calvin de Haan.
4:24 of 2nd period - Stopped by James Reimer without a rebound.
4:25 of 2nd period - Jordan Staal wins face-off versus Connor Brown in Red Wings zone.
5:26 of 2nd period - Slapshot by Blake Comeau.
5:26 of 2nd period - Shot Misses the Net.
5:38 of 2nd period - Snap shot by Taylor Hall.
5:38 of 2nd period - Stopped by James Reimer with a rebound.
5:54 of 2nd period - Mark Scheifele is hit by Carson Mcmillan and loses puck.
6:13 of 2nd period - Snap shot by Tomas Kopecky.
6:13 of 2nd period - Goal by Tomas Kopecky - Maple Leafs : 0 - Red Wings : 2.
6:14 of 2nd period - Mike Richards wins face-off versus Patrick Kane in neutral zone.
6:41 of 2nd period - Ben Smith is hit by Ole-Kristian Tollefsen and loses puck.
6:46 of 2nd period - Snap shot by Tomas Kopecky.
6:46 of 2nd period - Shot Misses the Net.
6:48 of 2nd period - Slapshot by Philip Samuelsson.
6:48 of 2nd period - Shot Misses the Net.
6:50 of 2nd period - Slapshot by Nick Bjugstad.
6:50 of 2nd period - Stopped by Marc-André Fleury with a rebound.
6:52 of 2nd period - Snap shot by Alex Picard.
6:52 of 2nd period - Deflect By Tomas Kopecky.
6:52 of 2nd period - Shot Blocked by Eric Nystrom.
6:52 of 2nd period - Puck is out of play.
6:53 of 2nd period - Connor Brown wins face-off versus Jordan Staal in Maple Leafs zone.
7:19 of 2nd period - Ryan O'Byrne is hit by Mark Scheifele.
7:40 of 2nd period - Snap shot by Mike Richards.
7:40 of 2nd period - Shot Misses the Net.
7:42 of 2nd period - Slapshot by Karl Alzner.
7:42 of 2nd period - Stopped by Marc-André Fleury with a rebound.
7:44 of 2nd period - Snap shot by Mike Richards.
7:44 of 2nd period - Stopped by Marc-André Fleury with a rebound.
7:46 of 2nd period - Slapshot by Mike Richards.
7:46 of 2nd period - Stopped by Marc-André Fleury with a rebound.
7:48 of 2nd period - Snap shot by Adam Henrique.
7:48 of 2nd period - Shot Misses the Net.
8:51 of 2nd period - Snap shot by Patrick Kane.
8:51 of 2nd period - Shot Misses the Net.
9:21 of 2nd period - Snap shot by Adam Henrique.
9:21 of 2nd period - Stopped by Marc-André Fleury with a rebound.
9:23 of 2nd period - Snap shot by Connor Brown.
9:23 of 2nd period - Shot Misses the Net.
9:25 of 2nd period - Backhand shot by Jiri Fischer.
9:25 of 2nd period - Deflect By Patrick Kane.
9:25 of 2nd period - Stopped by Marc-André Fleury without a rebound.
9:26 of 2nd period - Nick Bjugstad wins face-off versus Brayden Schenn in Maple Leafs zone.
9:39 of 2nd period - Snap shot by Alex Picard.
9:39 of 2nd period - Shot Misses the Net.
9:47 of 2nd period - Minor Penalty to Braydon Coburn for Hooking.
9:48 of 2nd period - Tomas Kopecky wins face-off versus Brayden Schenn in Maple Leafs zone.
10:09 of 2nd period - Minor Penalty to Brayden Schenn for Hooking.
10:10 of 2nd period - Ben Smith wins face-off versus Nick Bjugstad in Maple Leafs zone.
10:28 of 2nd period - Icing by Tomas Kopecky.
10:29 of 2nd period - Ben Smith wins face-off versus Nick Bjugstad in Red Wings zone.
11:47 of 2nd period - Penalty to Braydon Coburn is over, Braydon Coburn is back on ice.
12:09 of 2nd period - Penalty to Brayden Schenn is over, Brayden Schenn is back on ice.
12:20 of 2nd period - Snap shot by Brayden Schenn.
12:20 of 2nd period - Shot Blocked by Philip Samuelsson.
12:22 of 2nd period - Wrist shot by Braydon Coburn.
12:22 of 2nd period - Deflect By Brayden Schenn.
12:22 of 2nd period - Stopped by James Reimer with a rebound.
12:24 of 2nd period - Slapshot by Taylor Chorney.
12:24 of 2nd period - Goal by Taylor Chorney - Maple Leafs : 1 - Red Wings : 2.
12:25 of 2nd period - David Krejci wins face-off versus Jordan Staal in neutral zone.
12:51 of 2nd period - Jiri Fischer is hit by Brayden Schenn and loses puck.
13:16 of 2nd period - Snap shot by Fabian Brunnstrom.
13:16 of 2nd period - Shot Blocked by Ole-Kristian Tollefsen.
13:18 of 2nd period - Slapshot by Kevin Shattenkirk.
13:18 of 2nd period - Shot Misses the Net.
13:20 of 2nd period - Slapshot by Kevin Shattenkirk.
13:20 of 2nd period - Stopped by James Reimer with a rebound.
13:26 of 2nd period - Minor Penalty to Connor Brown for Hooking.
13:27 of 2nd period - Patrick Kane wins face-off versus Michael Haley in Red Wings zone.
13:34 of 2nd period - Backhand shot by Patrick Kane.
13:34 of 2nd period - Shot Hit the Post.
14:00 of 2nd period - Backhand shot by John Klingberg.
14:00 of 2nd period - Stopped by James Reimer with a rebound.
14:02 of 2nd period - Slapshot by Ryan Parent.
14:02 of 2nd period - Shot Misses the Net.
14:04 of 2nd period - Snap shot by Ben Smith.
14:04 of 2nd period - Shot Misses the Net.
14:24 of 2nd period - Calvin de Haan is hit by Maxim Lapierre and loses puck.
14:35 of 2nd period - Anton Volchenkov is hit by Ben Smith and loses puck.
14:49 of 2nd period - Icing by Ben Smith.
14:50 of 2nd period - Jordan Staal wins face-off versus Chris Kelly in Maple Leafs zone.
15:26 of 2nd period - Penalty to Connor Brown is over, Connor Brown is back on ice.
16:00 of 2nd period - Mike Richards is hit by Kevin Shattenkirk and loses puck.
16:39 of 2nd period - Snap shot by Taylor Hall.
16:39 of 2nd period - Shot Misses the Net.
17:04 of 2nd period - Wrist shot by Tomas Kopecky.
17:04 of 2nd period - Stopped by Marc-André Fleury with a rebound.
17:59 of 2nd period - Wrist shot by Nick Bjugstad.
17:59 of 2nd period - Stopped by Marc-André Fleury with a rebound.
19:08 of 2nd period - Braydon Coburn is hit by Jiri Fischer and loses puck.
19:22 of 2nd period - Icing by Braydon Coburn.
19:23 of 2nd period - David Krejci wins face-off versus Mark Scheifele in Maple Leafs zone.
19:24 of 2nd period - Snap shot by Chris Kelly.
19:24 of 2nd period - Shot Misses the Net.
Goals for this period are 1 for Maple Leafs vs 2 for Red Wings.
Shots for this period are 7 for Maple Leafs vs 12 for Red Wings.

3rd period


0:01 of 3rd period - Nick Bjugstad wins face-off versus Jordan Staal in neutral zone.
0:10 of 3rd period - Snap shot by Tomas Kopecky.
0:10 of 3rd period - Stopped by Marc-André Fleury without a rebound.
0:11 of 3rd period - Jordan Staal wins face-off versus Nick Bjugstad in Maple Leafs zone.
0:18 of 3rd period - Wrist shot by Tomas Kopecky.
0:18 of 3rd period - Stopped by Marc-André Fleury without a rebound.
0:19 of 3rd period - Jordan Staal wins face-off versus Nick Bjugstad in Maple Leafs zone.
0:42 of 3rd period - Slapshot by Karl Alzner.
0:42 of 3rd period - Stopped by Marc-André Fleury without a rebound.
0:43 of 3rd period - Brayden Schenn wins face-off versus Mike Richards in Maple Leafs zone.
0:48 of 3rd period - Ryan O'Byrne is hit by Ryan Parent and loses puck.
0:56 of 3rd period - Minor Penalty to Eric Nystrom for Interference.
0:57 of 3rd period - Mike Richards wins face-off versus Brayden Schenn in Maple Leafs zone.
1:31 of 3rd period - Off-side.
1:32 of 3rd period - Nick Bjugstad wins face-off versus Jordan Staal in neutral zone.
1:43 of 3rd period - Snap shot by Nick Bjugstad.
1:43 of 3rd period - Stopped by Marc-André Fleury with a rebound.
1:45 of 3rd period - Slapshot by Jiri Fischer.
1:45 of 3rd period - Shot Misses the Net.
1:47 of 3rd period - Slapshot by Jiri Fischer.
1:47 of 3rd period - Deflect By Kevin Shattenkirk.
1:47 of 3rd period - Stopped by Marc-André Fleury with a rebound.
1:49 of 3rd period - Backhand shot by Jiri Fischer.
1:49 of 3rd period - Shot Misses the Net.
1:51 of 3rd period - Slapshot by Jiri Fischer.
1:51 of 3rd period - Shot Blocked by Jordan Staal.
1:53 of 3rd period - Backhand shot by Karl Alzner.
1:53 of 3rd period - Shot Misses the Net.
1:55 of 3rd period - Slapshot by Karl Alzner.
1:55 of 3rd period - Deflect By Ryan Parent.
1:55 of 3rd period - Stopped by Marc-André Fleury without a rebound.
1:56 of 3rd period - Mike Richards wins face-off versus Brayden Schenn in Maple Leafs zone.
2:05 of 3rd period - Slapshot by Adam Henrique.
2:05 of 3rd period - Goal by Adam Henrique - Maple Leafs : 1 - Red Wings : 3.
2:06 of 3rd period - Jordan Staal wins face-off versus Nick Bjugstad in neutral zone.
2:08 of 3rd period - Off-side.
2:09 of 3rd period - Jordan Staal wins face-off versus Nick Bjugstad in neutral zone.
2:26 of 3rd period - Slapshot by Patrick Kane.
2:26 of 3rd period - Stopped by James Reimer without a rebound.
2:27 of 3rd period - Brayden Schenn wins face-off versus Mike Richards in Red Wings zone.
2:59 of 3rd period - Slapshot by Karl Alzner.
2:59 of 3rd period - Shot Blocked by Patrick Kane.
3:19 of 3rd period - Slapshot by Beau Bennett.
3:19 of 3rd period - Stopped by James Reimer without a rebound.
3:20 of 3rd period - Mark Scheifele wins face-off versus Mike Richards in Red Wings zone.
3:23 of 3rd period - Wrist shot by Fabian Brunnstrom.
3:23 of 3rd period - Shot Hit the Post.
4:24 of 3rd period - Minor Penalty to Patrick Kane for Roughing.
4:25 of 3rd period - Brayden Schenn wins face-off versus Mike Richards in Maple Leafs zone.
4:25 of 3rd period - Brayden Schenn is hit by Philip Samuelsson.
4:35 of 3rd period - Ole-Kristian Tollefsen is hit by Ben Smith and loses puck.
4:42 of 3rd period - Karl Alzner is hit by Brayden Schenn and loses puck.
6:24 of 3rd period - Penalty to Patrick Kane is over, Patrick Kane is back on ice.
6:24 of 3rd period - Slapshot by Kevin Shattenkirk.
6:24 of 3rd period - Stopped by James Reimer with a rebound.
6:26 of 3rd period - Slapshot by Patrick Kane.
6:26 of 3rd period - Shot Misses the Net.
6:28 of 3rd period - Snap shot by Patrick Kane.
6:28 of 3rd period - Stopped by James Reimer with a rebound.
6:30 of 3rd period - Snap shot by Fabian Brunnstrom.
6:30 of 3rd period - Shot Blocked by David Krejci.
6:32 of 3rd period - Snap shot by Kevin Shattenkirk.
6:32 of 3rd period - Shot Misses the Net.
6:34 of 3rd period - Snap shot by Patrick Kane.
6:34 of 3rd period - Shot Misses the Net.
6:36 of 3rd period - Slapshot by Ryan Parent.
6:36 of 3rd period - Stopped by James Reimer with a rebound.
6:38 of 3rd period - Wrist shot by Patrick Kane.
6:38 of 3rd period - Shot Blocked by Jiri Fischer.
7:41 of 3rd period - Off-side.
7:42 of 3rd period - Brayden Schenn wins face-off versus Nick Bjugstad in neutral zone.
7:48 of 3rd period - Off-side.
7:49 of 3rd period - Nick Bjugstad wins face-off versus Brayden Schenn in neutral zone.
8:10 of 3rd period - Snap shot by Ben Smith.
8:10 of 3rd period - Stopped by James Reimer without a rebound.
8:11 of 3rd period - Mike Richards wins face-off versus Nate Thompson in Red Wings zone.
8:22 of 3rd period - Snap shot by Connor Brown.
8:22 of 3rd period - Goal by Connor Brown - Maple Leafs : 1 - Red Wings : 4.
8:23 of 3rd period - Brayden Schenn wins face-off versus Nick Bjugstad in neutral zone.
8:36 of 3rd period - Wrist shot by Eric Nystrom.
8:36 of 3rd period - Shot Misses the Net.
8:38 of 3rd period - Snap shot by Ben Smith.
8:38 of 3rd period - Stopped by James Reimer without a rebound.
8:39 of 3rd period - Mike Richards wins face-off versus Patrick Kane in Red Wings zone.
8:56 of 3rd period - Snap shot by Patrick Kane.
8:56 of 3rd period - Stopped by James Reimer without a rebound.
8:57 of 3rd period - Nick Bjugstad wins face-off versus Brayden Schenn in Red Wings zone.
10:34 of 3rd period - Eric Nystrom is hit by Tomas Kopecky.
10:38 of 3rd period - Nick Bjugstad is hit by Calvin de Haan.
10:50 of 3rd period - Connor Brown is hit by Beau Bennett and loses puck.
10:59 of 3rd period - Slapshot by Kevin Shattenkirk.
10:59 of 3rd period - Shot Misses the Net.
11:36 of 3rd period - Slapshot by John Klingberg.
11:36 of 3rd period - Stopped by James Reimer without a rebound.
11:37 of 3rd period - Brayden Schenn wins face-off versus Nick Bjugstad in Red Wings zone.
12:02 of 3rd period - Snap shot by Eric Nystrom.
12:02 of 3rd period - Deflect By Ryan O'Byrne.
12:02 of 3rd period - Stopped by James Reimer with a rebound.
12:04 of 3rd period - Slapshot by Calvin de Haan.
12:04 of 3rd period - Stopped by James Reimer without a rebound.
12:05 of 3rd period - Jordan Staal wins face-off versus Mike Richards in Red Wings zone.
12:32 of 3rd period - Wrist shot by Petr Pohl.
12:32 of 3rd period - Stopped by Marc-André Fleury without a rebound.
12:33 of 3rd period - David Krejci wins face-off versus Mark Scheifele in Maple Leafs zone.
12:44 of 3rd period - Wrist shot by Petr Pohl.
12:44 of 3rd period - Goal by Petr Pohl - Maple Leafs : 1 - Red Wings : 5.
12:45 of 3rd period - Nick Bjugstad wins face-off versus Brayden Schenn in neutral zone.
12:56 of 3rd period - Ben Smith is hit by Tomas Kopecky and loses puck.
13:01 of 3rd period - Wrist shot by Tomas Kopecky.
13:01 of 3rd period - Deflect By Nick Bjugstad.
13:01 of 3rd period - Shot Blocked by Brayden Schenn.
13:01 of 3rd period - Puck is out of play.
13:02 of 3rd period - Mike Richards wins face-off versus Jordan Staal in Maple Leafs zone.
13:29 of 3rd period - Tomas Kopecky is hit by Ben Smith and loses puck.
13:36 of 3rd period - Snap shot by Ben Smith.
13:36 of 3rd period - Stopped by James Reimer without a rebound.
13:37 of 3rd period - Brayden Schenn wins face-off versus Nick Bjugstad in Red Wings zone.
14:04 of 3rd period - Taylor Chorney is hit by Mike Richards and loses puck.
14:11 of 3rd period - Wrist shot by Connor Brown.
14:11 of 3rd period - Shot Blocked by Ryan Parent.
14:13 of 3rd period - Wrist shot by Adam Henrique.
14:13 of 3rd period - Deflect By Connor Brown.
14:13 of 3rd period - Shot Blocked by Ryan Parent.
14:13 of 3rd period - Puck is out of play.
14:14 of 3rd period - Mike Richards wins face-off versus Mark Scheifele in Maple Leafs zone.
14:28 of 3rd period - Minor Penalty to Braydon Coburn for Holding.
14:29 of 3rd period - Mike Richards wins face-off versus Brayden Schenn in Maple Leafs zone.
14:33 of 3rd period - Wrist shot by Connor Brown.
14:33 of 3rd period - Shot Misses the Net.
14:45 of 3rd period - Snap shot by Adam Henrique.
14:45 of 3rd period - Shot Misses the Net.
15:01 of 3rd period - Wrist shot by Nick Bjugstad.
15:01 of 3rd period - Shot Blocked by Ryan Parent.
15:03 of 3rd period - Snap shot by Alex Picard.
15:03 of 3rd period - Deflect By Patrick Kane.
15:03 of 3rd period - Shot Blocked by Taylor Chorney.
15:03 of 3rd period - Puck is out of play.
15:04 of 3rd period - Mike Richards wins face-off versus Jordan Staal in Maple Leafs zone.
15:15 of 3rd period - Snap shot by Connor Brown.
15:15 of 3rd period - Stopped by Marc-André Fleury without a rebound.
15:16 of 3rd period - Brayden Schenn wins face-off versus Mike Richards in Maple Leafs zone.
15:29 of 3rd period - Ryan Parent is hit by Adam Henrique and loses puck.
15:48 of 3rd period - Slapshot by Alex Picard.
15:48 of 3rd period - Stopped by Marc-André Fleury with a rebound.
15:50 of 3rd period - Snap shot by Karl Alzner.
15:50 of 3rd period - Stopped by Marc-André Fleury with a rebound.
15:52 of 3rd period - Slapshot by Karl Alzner.
15:52 of 3rd period - Shot Misses the Net.
16:28 of 3rd period - Penalty to Braydon Coburn is over, Braydon Coburn is back on ice.
16:30 of 3rd period - Snap shot by Eric Nystrom.
16:30 of 3rd period - Stopped by James Reimer with a rebound.
16:32 of 3rd period - Snap shot by Kevin Shattenkirk.
16:32 of 3rd period - Shot Misses the Net.
16:34 of 3rd period - Slapshot by Kevin Shattenkirk.
16:34 of 3rd period - Shot Misses the Net.
16:36 of 3rd period - Wrist shot by Mark Scheifele.
16:36 of 3rd period - Shot Misses the Net.
16:38 of 3rd period - Slapshot by Eric Nystrom.
16:38 of 3rd period - Shot Misses the Net.
16:40 of 3rd period - Wrist shot by Mark Scheifele.
16:40 of 3rd period - Shot Blocked by Alex Picard.
16:42 of 3rd period - Snap shot by Calvin de Haan.
16:42 of 3rd period - Shot Blocked by Karl Alzner.
16:44 of 3rd period - Slapshot by Eric Nystrom.
16:44 of 3rd period - Stopped by James Reimer without a rebound.
16:45 of 3rd period - Jordan Staal wins face-off versus Mike Richards in Red Wings zone.
16:50 of 3rd period - Wrist shot by Patrick Kane.
16:50 of 3rd period - Stopped by James Reimer without a rebound.
16:51 of 3rd period - Jordan Staal wins face-off versus Mike Richards in Red Wings zone.
17:30 of 3rd period - Wrist shot by Ben Smith.
17:30 of 3rd period - Stopped by James Reimer with a rebound.
17:46 of 3rd period - Slapshot by Philip Samuelsson.
17:46 of 3rd period - Shot Blocked by Kevin Shattenkirk.
18:24 of 3rd period - Minor Penalty to Taylor Hall for Hooking.
18:25 of 3rd period - Mike Richards wins face-off versus Brayden Schenn in Maple Leafs zone.
19:16 of 3rd period - Connor Brown is hit by Ben Smith and loses puck.
Goals for this period are 0 for Maple Leafs vs 3 for Red Wings.
Shots for this period are 16 for Maple Leafs vs 13 for Red Wings.